 Dungeon Crawl Stone Soup version 0.31-a0-876-gfe8ebadbca (webtiles) character file.

Game seed: 14917438342761918329

1387 Naiya55 the Frost Mage (level 8, -3/40 (76) HPs)
             Began as a Naga Ice Elementalist on Oct 13, 2023.
             Was a Follower of Cheibriados.
             Slain by a killer bee zombie (7 damage)
             ... on level 6 of the Dungeon.
             The game lasted 00:16:46 (6409 turns).

Naiya55 the Frost Mage (Naga Ice Elementalist)      Turns: 6409, Time: 00:16:46

HP:   -3/40 (76)    AC:  4    Str: 12    XL:     8   Next: 67%
MP:   9/11          EV: 10    Int: 20    God:    Cheibriados [*.....]
Gold: 398           SH:  0    Dex: 14    Spells: 1/11 levels left

rFire   . . .        u - +2 falchion (freeze)
rCold   . . .        (no shield)
rNeg    . . .        a - +0 robe
rPois   +            d - +0 helmet
rElec   .            k - scarf {+Inv}
rCorr   .            (no gloves)
SInv    +            (no barding)
Will    +....        (no amulet)
Stlth   ++++         (no ring)
HPRegen 0.26/turn    (no ring)
MPRegen 0.12/turn

%: no passive effects
@: very slightly contaminated, very heavily drained, invisible, very slow
A: AC +2, large, see invisible, deformed body, poison resistance, slowness 2,
spit poison 1, naga tail 1
a: Spit Poison, Renounce Religion, Evoke Invisibility, Bend Time


You were on level 6 of the Dungeon.
You worshipped Cheibriados.
Cheibriados was aware of your devotion.
You visited 2 branches of the dungeon, and saw 7 of its levels.
You also visited: Sewer.

You collected 398 gold pieces.

Inventory:

Hand Weapons
 u - a +2 falchion of freezing (weapon)
Missiles
 m - 13 poisoned darts
Armour
 a - a +0 robe (worn)
 d - a +0 helmet (worn)
 k - a scarf of invisibility (worn)
Scrolls
 e - a scroll of immolation {unknown}
 g - 2 scrolls of enchant weapon {unknown}
 h - a scroll of identify
 i - 4 scrolls of teleportation
 j - 3 scrolls of blinking
Potions
 b - 2 potions of magic
 c - 2 potions of mutation
 f - 2 potions of might
 l - a potion of heal wounds {unknown}
 o - a potion of haste {unknown}
 q - a potion of cancellation {unknown}
 r - a potion of enlightenment {unknown}
 s - a potion of ambrosia {unknown}
 t - a potion of curing {unknown}


   Skills:
 + Level 5.8 Fighting
 - Level 1.5 Dodging
 - Level 8.0 Stealth
 - Level 2.0 Spellcasting
 - Level 8.1 Ice Magic


You had one spell level left.
You knew the following spells:

 Your Spells              Type           Power      Damage    Failure   Level
a - Freeze                Ice            100%       1d10      1%          1
b - Frozen Ramparts       Ice            68%        1d11      1%          3
c - Summon Ice Beast      Ice/Summ       18%        N/A       30%         4
d - Blink                 Tloc           4%         N/A       24%         2

Your spell library contained the following spells:

 Spells                   Type           Power      Damage    Failure   Level
 Ozocubu's Armour         Ice            34%        N/A       1%          3
 Lesser Beckoning         Tloc           4%         N/A       24%         2
 Momentum Strike          Conj/Tloc      4%         3d8       24%         2
 Dazzling Flash           Conj/Hex       4%         N/A       43%         3
 Agony                    Necr           2%         N/A       99%         5
 Silence                  Hex/Air        1%         N/A       99%         5


Dungeon Overview and Level Annotations

Branches:
Dungeon (6/15)             Temple (1/1) D:4           Sewer (visited)

Altars:
Ashenzari
Cheibriados
Elyvilon
Fedhas
Gozag
Hepliaklqana
Makhleb
Nemelex Xobeh
Okawaru
Qazlal
Ru
Trog
Wu Jian
Xom
Zin

Annotations:
D:3 book of storms in vualt, Shayle's ghost, amateur HuSh; dragonking145's ghost, amateur GrFi; javelincjr's ghost, amateur MiSh; osoart's ghost, amateur DrSh; osoart's ghost, amateur SpHu


Innate Abilities, Weirdness & Mutations

Your serpentine skin is tough. (AC +2)
You have supernaturally acute eyesight. (SInv)
Armour fits poorly on your strangely shaped body.
Your system is resistant to poisons. (rPois)
You cover ground very slowly.
You can spit poison.
You have a snake-like lower body.


Message History

* * * LOW HITPOINT WARNING * * *
The killer bee zombie hits you.
* * * LOW HITPOINT WARNING * * *
Casting: Freeze (safe; 1% risk of failure)
Confirm with . or Enter, or press ? or * to list all spells.
Aiming: Freeze (safe; 1% risk of failure)
Press: ? - help, Shift-Dir - straight line, f/p - killer bee zombie
Aim: a killer bee zombie (moderately damaged)
You freeze the killer bee zombie.
The killer bee zombie resists.
The killer bee zombie is moderately damaged.
The killer bee zombie hits you.
* * * LOW HITPOINT WARNING * * *
The killer bee zombie hits you.
* * * LOW HITPOINT WARNING * * *
The killer bee zombie closely misses you.
The killer bee zombie hits you but does no damage.
Aiming: Spit Poison (1% risk of failure)
Press: ? - help, Shift-Dir - straight line, f - you, p - killer bee zombie
Okay, then.
You feel drained.
You fail to use your ability.
The killer bee zombie hits you but does no damage.
The killer bee zombie barely misses you.
You feel drained.
You fail to use your ability.
The killer bee zombie hits you.
* * * LOW HITPOINT WARNING * * *
The killer bee zombie barely misses you.
You feel drained.
You fail to use your ability.
The killer bee zombie completely misses you.
The killer bee zombie closely misses you.
You feel drained.
You fail to use your ability.
The killer bee zombie hits you.
* * * LOW HITPOINT WARNING * * *
The killer bee zombie barely misses you.
There are no items here.
You feel drained.
You fade into invisibility!
You are very lightly contaminated with residual magic.
The killer bee zombie hits you but does no damage.
The killer bee zombie closely misses you. x2
The killer bee zombie barely misses you.
The killer bee zombie hits you!
You die...

#.# .# #.#
####.# #[#
#....###.#
#.###.........
###.##.....###..
#...............
#.####.....#####
####.## ##...##
#.@Z..# ##.##
#..###.# #.#
#.... ... ...
##### #### ....
##...


You could see a killer bee zombie (unable to see you).

Vanquished Creatures
  Eustachio (D:4)
  2 black bears
  An orc warrior (D:5)
  An ice beast (D:6)
  5 kobold brigands (Sewer)
  2 scorpions
  A water moccasin zombie (D:6)
  A centaur zombie (D:6)
  3 hounds
  2 orc priests (D:5)
  An iguana (D:5)
  An orc wizard (D:3)
  6 adders
  An ufetubus (D:6)
  5 worms
  A dart slug (D:4)
  10 orcs
  5 ball pythons
  9 endoplasms
  4 giant cockroaches
  6 hobgoblins
  3 jackals (D:1)
  10 kobolds
  3 quokkas
  2 bats
  A frilled lizard (D:2)
  5 goblins
  4 rats (Sewer)
96 creatures vanquished.

Notes
Turn   | Place    | Note
-------+----------+-------------------------------------------
     0 | D:1      | Naiya55 the Naga Ice Elementalist began the quest for the
                  | Orb.
     0 | D:1      | Reached XP level 1. HP: 15/15 MP: 3/3
   348 | D:1      | Reached XP level 2. HP: 10/22 MP: 3/5
  1355 | D:2      | Found a sparkling altar of Nemelex Xobeh.
  1500 | D:2      | Reached XP level 3. HP: 28/28 MP: 4/6
  1563 | D:2      | Reached skill level 5 in Ice Magic
  1666 | D:2      | Learned a level 3 spell: Frozen Ramparts
  2386 | D:3      | Reached XP level 4. HP: 11/36 MP: 0/7
  2480 | D:3      | Found a runed translucent gate.
  2480 | D:3      | Found a runed translucent gate.
  2480 | D:3      | Noticed javelincjr's ghost (amateur MiSh)
  2481 | D:3      | Found a runed translucent gate.
  2481 | D:3      | Noticed Shayle's ghost (amateur HuSh)
  2482 | D:3      | Noticed osoart's ghost (amateur SpHu)
  2482 | D:3      | Noticed osoart's ghost (amateur DrSh)
  2483 | D:3      | Noticed dragonking145's ghost (amateur GrFi)
  2567 | D:3      | Found a glowing drain.
  2571 | Sewer    | Entered a sewer
  2628 | Sewer    | Noticed a kobold brigand
  2641 | Sewer    | Killed a kobold brigand
  2642 | Sewer    | Reached XP level 5. HP: 33/42 MP: 0/8
  2741 | Sewer    | Noticed a kobold brigand
  2754 | Sewer    | Killed a kobold brigand
  2911 | Sewer    | Noticed a kobold brigand
  2922 | Sewer    | Killed a kobold brigand
  2923 | Sewer    | Reached XP level 6. HP: 49/49 MP: 2/9
  3251 | Sewer    | Reached XP level 7. HP: 55/55 MP: 10/10
  4197 | D:4      | Reached skill level 1 in Fighting
  4289 | D:4      | Noticed Eustachio
  4468 | D:4      | Found a staircase to the Ecumenical Temple.
  4489 | Temple   | Entered the Ecumenical Temple
  4496 | Temple   | Became a worshipper of Cheibriados the Contemplative
  4849 | D:4      | Killed Eustachio
  4850 | D:4      | Reached skill level 5 in Stealth
  5011 | D:5      | Entered Level 5 of the Dungeon
  5209 | D:5      | Reached XP level 8. HP: 59/69 MP: 7/11
  5420 | D:5      | Reached * piety under Cheibriados
  6067 | D:6      | Learned a level 4 spell: Summon Ice Beast
  6070 | D:6      | Learned a level 2 spell: Blink
  6102 | D:6      | Reached skill level 5 in Fighting
  6404 | D:6      | HP: 3/62 [killer bee zombie (3)]
  6409 | D:6      | Slain by a killer bee zombie

Illustrated notes

Levels and vault maps discovered:
D:1:      wander_arrival_chamber, layout_loops_corners
D:2:      layout_basic, basic_altar, dreamdust_wishing_well
D:3:      layout_loops_ring, gup_sewer_entry_spiral, serial_bayou,
          serial_bayou_lagoon_b, serial_bayou_pond_c, serial_bayou_pond_e,
          serial_bayou_ford_a, serial_bayou_pond_b, serial_bayou_pond_a,
          gammafunk_ghost_cemetery, minmay_misc_feat_iff
D:4:      layout_basic, minmay_temple_entry_glassed_door, uniq_eustachio
D:5:      layout_loops_ring, serial_rivers, chequers_serial_rivers_micro_a,
          chequers_serial_rivers_micro_b, chequers_serial_rivers_micro_e,
          chequers_serial_rivers_small_3, chequers_serial_rivers_small_3
D:6:      minmay_thinvault, layout_loops_ring, serial_undead, serial_undead_c,
          serial_undead_a, serial_undead_b, serial_undead_a, serial_undead_e,
          serial_undead_d, uniq_edmund
Temple:   nicolae_temple_no_exploring_needed

Skill      XL: |  1  2  3  4  5  6  7  8 |
---------------+-------------------------+-----
Ice Magic      | 5 6 7 8 |  8.1
Fighting       | 3 5 |  5.8
Stealth        | 6 8 |  8.0
Dodging        | |  1.5
Spellcasting   | |  2.0

Action                     |  1- 3 |  4- 6 |  7- 9 || total
---------------------------+-------+-------+-------++-------
  Melee: Unarmed           |     1 |       |       ||     1
         Whip              |    15 |    20 |       ||    35
         Punch             |     1 |       |     7 ||     8
         Dagger            |       |     8 |   106 ||   114
         Falchion          |       |       |    47 ||    47
   Cast: Freeze            |    39 |    23 |    18 ||    80
         Frozen Ramparts   |     1 |     5 |    13 ||    19
Ability: Spit Poison       |     3 |     6 |     9 ||    18
         Evoke Invisibilit |       |       |     1 ||     1
    Use: Scroll            |       |       |     5 ||     5
   Stab: Sleeping          |       |       |     4 ||     4
 Armour: Robe              |    43 |    24 |   163 ||   230
  Dodge: Dodged            |    35 |    12 |    99 ||   146

Table legend: (Time is in decaauts)
 A = Elapsed time spent in this place.
 B = Non-inter-level travel time spent in this place.
 C = Inter-level travel time spent in this place.
 D = Time resting spent in this place.
 E = Time spent auto-exploring this place.
 F = Levels seen in this place.
 G = Mean time per level.
                   A        B        C        D        E       F      G
               +--------+--------+--------+--------+--------+-----+--------+
         Total |   8715 |   8485 |    230 |    239 |   6477 |   8 | 1089.4 |
       Dungeon |   7532 |   7313 |    219 |    239 |   5658 |   6 | 1255.3 |
        Temple |     21 |     11 |     10 |      0 |      0 |   1 |   21.0 |
         Sewer |   1160 |   1160 |      0 |      0 |    819 |   1 | 1160.0 |
               +--------+--------+--------+--------+--------+-----+--------+

Top non-repeatable levels by time:
     D:5: 1618 daAuts
     D:2: 1597 daAuts
     D:1: 1364 daAuts
     D:3: 1328 daAuts
     D:4: 1212 daAuts
   Sewer: 1160 daAuts
     D:6: 410 daAuts
  Temple: 21 daAuts
